 Dungeon Crawl Stone Soup version 0.21-a0-529-g8c7b3f5 (webtiles) character file.

8418 Amnesiac the Thrower (level 11, 0/111 HPs)
             Began as an Ogre Arcane Marksman on Dec 11, 2017.
             Was a Believer of Okawaru.
             Slain by a bullfrog (5 damage)
             ... on level 10 of the Dungeon.
             The game lasted 00:29:24 (14302 turns).

Amnesiac the Thrower (Ogre Arcane Marksman)        Turns: 14302, Time: 00:29:25

Health: 0/111      AC:  5    Str: 17    XL:     11   Next: 30%
Magic:  6/14       EV: 10    Int: 13    God:    Okawaru [**....]
Gold:   672        SH:  0    Dex: 10    Spells: 4/12 levels left

rFire    . . .     SeeInvis .   i - +1 trident (venom)
rCold    . . .     Gourm    .   (no shield)
rNeg     . . .     Faith    .   a - +1 robe
rPois    +         Spirit   .   (helmet restricted)
rElec    .         Reflect  .   L - +0 cloak
rCorr    .         Harm     .   (gloves unavailable)
MR       ++...                  (boots unavailable)
Stlth    +++.......             (no amulet)
HPRegen  0.28/turn              x - ring of poison resistance
MPRegen  0.14/turn              J - ring of stealth

@: very slightly contaminated, drained
A: large, unfitting armour, talons 1, camouflage 1, dopey 1, frail 1, high mp 1,
magic resistance 1, mutation resistance 1, tough skin 1
a: Heroism, Renounce Religion


You were on level 10 of the Dungeon.
You worshipped Okawaru.
Okawaru was pleased with you.
You were very hungry.

You visited 2 branches of the dungeon, and saw 11 of its levels.
You also visited: Ossuary.

You collected 672 gold pieces.

Inventory:

Hand Weapons
 i - a +1 trident of venom (weapon)
 t - a +2 trident of protection
 v - a +2 flail of draining
 N - a +4 quarterstaff of chaos
 O - a +2 mace of crushing
 Q - a +2 dagger of holy wrath
 S - a +1 dagger of venom
Missiles
 m - 136 stones (quivered)
 r - 12 poisoned needles
 B - 6 tomahawks
 R - 4 javelins
 V - 2 large rocks
Armour
 a - a +1 robe (worn)
 L - a +0 cloak (worn)
Jewellery
 s - an uncursed ring of teleportation
 x - a ring of poison resistance (left hand)
 y - an uncursed ring of positive energy
 I - an uncursed ring of wizardry
 J - a ring of stealth (right hand)
Wands
 C - a wand of random effects (47)
 W - a wand of enslavement (10)
 X - a wand of acid (10)
 Z - a wand of polymorph (17)
Scrolls
 e - 3 scrolls of blinking {!r}
 h - 8 scrolls of remove curse {!r}
 q - a scroll of enchant armour {!r}
 A - 8 scrolls of teleportation {!r}
 E - 2 scrolls of amnesia {!r}
 F - a scroll of holy word {!r, unknown}
 G - a scroll of fear {!r}
 K - a scroll of enchant weapon {!r}
 M - 5 scrolls of identify {!r}
 T - 4 scrolls of fog {!r, unknown}
 U - 3 scrolls of immolation {!r, unknown}
 Y - a scroll of magic mapping {!r, unknown}
Potions
 g - a potion of ambrosia {!q}
 k - 2 potions of heal wounds {!q}
 l - 2 potions of berserk rage {!q, unknown}
 n - 3 potions of flight {!q}
 o - a potion of agility {!q}
 p - 3 potions of haste {!q}
 u - 2 potions of might {!q}
 w - 2 potions of lignification {!q}
 z - 5 potions of curing {!q}
 H - 9 potions of brilliance {!q}
Books
 b - a book of Debilitation

   Spells                             Type                      Level
   a - Corona                         Hexes                        1
   b - Slow                           Hexes                        2
   c - Inner Flame                    Hexes/Fire                   3
   d - Portal Projectile              Hexes/Translocation          3
   e - Cause Fear                     Hexes                        4
   f - Leda's Liquefaction            Hexes/Earth                  4
Comestibles
 f - 4 bread rations
 j - 20 fruits
 D - 3 meat rations
 P - 2 royal jellies


   Skills:
 + Level 12.6 Fighting
 * Level 13.7(13.6) Throwing
 - Level 1.7 Dodging
 - Level 1.2(1.1) Spellcasting
 - Level 2.6 Hexes


You had 4 spell levels left.
You knew the following spells:

 Your Spells              Type           Power        Failure   Level  Hunger
a - Corona                Hex            #......      10%         1    ##.....
b - Portal Projectile     Hex/Tloc       #.....       43%         3    ####...
c - Cause Fear            Hex            #.........   67%         4    #####..


Dungeon Overview and Level Annotations

Branches:
Dungeon (10/15)            Temple (1/1) D:5            Lair (0/6) D:9
    Orc (0/2) D:9

Altars:
Ashenzari
Cheibriados
Dithmenos
Elyvilon
Fedhas
Gozag
Hepliaklqana
Kikubaaqudgha
Makhleb
Nemelex Xobeh
Okawaru
Qazlal
Ru
Sif Muna
Trog
Uskayaw
Vehumet
Wu Jian
Xom
Yredelemnul
Zin
The Shining One


Innate Abilities, Weirdness & Mutations

You are too large for most types of armour.
You have tough skin. (AC +1)
You have sharp toenails.
Your skin changes colour to match your surroundings (Stealth+).
You are dopey. (Int -2)
You are frail. (-10% HP)
You have an increased reservoir of magic. (+10% MP)
You are resistant to hostile enchantments. (MR+)
You are somewhat resistant to further mutation.


Message History

The killer bee is lightly wounded.
You feel like a meek peon again.
The killer bee stings you but does no damage. x2
Attack whom?
Press: ? - help, Dir - move target cursor, f - bullfrog
Aim: a bullfrog The killer bee is in the way.
You barely miss the killer bee.
The killer bee is moderately wounded.
The killer bee stings you but does no damage.
The killer bee stings you.
* * * LOW HITPOINT WARNING * * *
You are poisoned.
The killer bee poisons you!
You barely miss the killer bee.
The killer bee is severely wounded.
You feel sick.
The killer bee stings you but does no damage. x3
You closely miss the killer bee.
The killer bee is severely wounded.
Your transformation is almost over.
You feel sick.
The killer bee stings you but does no damage. x3
Unknown command.
You hit the killer bee but do no damage.
The killer bee is almost dead.
You kill the killer bee!
Okawaru accepts your kill.
The bullfrog hits you but does no damage.
You closely miss the bullfrog.
You feel sick.
The bullfrog hits you but does no damage. x2
You closely miss the bullfrog.
The bullfrog hits you but does no damage. x2
You closely miss the bullfrog.
You feel sick.
The bullfrog hits you but does no damage. x2
Really quaff
z - 6 potions of curing {!q}?
You feel better.
The bullfrog hits you but does no damage. x2
You puncture the bullfrog!
The bullfrog is poisoned.
The bullfrog is heavily wounded.
The bullfrog hits you but does no damage. x2
You hit the bullfrog.
The bullfrog looks as sick as possible!
The bullfrog is severely wounded.
You feel less wooden. The bullfrog barely misses you. The bullfrog hits you.
* * * LOW HITPOINT WARNING * * *
A wight comes into view. It is wielding an enchanted scimitar.
Cast which spell? (? or * to list)
Okay, then.
Cast which spell? (? or * to list)
The spell is very dangerous to cast!
Continue anyway?
You miscast Cause Fear.
You are very lightly contaminated with residual magic.
Strange energies run through your body.
You are feeling very hungry.
The bullfrog hits you.
* * * LOW HITPOINT WARNING * * *
Casting: Cause Fear
Confirm with . or Enter, or press ? or * to list all spells.
The spell is very dangerous to cast!
Continue anyway?
The wight is unaffected.
The bullfrog resists with almost no effort.
The killer bee looks frightened! x2; The bullfrog closely misses you.
The bullfrog hits you.
You die...

#.# #.# .######## #.# .........
#.# ....#... #.# #.#.#..# #.#
#.#.#..# #.# #.#.#..# #
##.#######.#.#.(###.#
#..)@Fy(yz((((.(.....
##.#######...#....... #.#
#...#.####.# #.# #...#.# # #.#
#...#.# ...## #.# #...#.####..
......#######.#######...........
#.........÷.....÷...#.#####.
##.###############.##.#


You could see a bullfrog, 2 killer bees and a wight.

Vanquished Creatures
  An oklob plant (D:4)
  A troll (D:7)
  A slime creature (D:7)
  Prince Ribbit (D:5)
  Sigmund (D:3)
  10 yaks
  A wyvern (D:9)
  Menkaure (D:5)
  A warg (shapeshifter) (D:7)
  9 orc warriors
  A phantom (D:9)
  4 sky beasts
  4 ogres
  4 ice beasts
  3 centaurs
  A crocodile (D:8)
  Blork the orc (D:6)
  2 bullfrogs
  2 wyvern zombies
  A gnoll sergeant (D:5)
  2 scorpions
  5 killer bees (D:10)
  5 wights
  3 howler monkeys (D:7)
  4 crimson imps (D:5)
  4 jellies
  4 centaur zombies
  6 hounds
  3 bullfrog skeletons (D:9)
  7 orc priests
  Crazy Yiuf (D:5)
  13 orc wizards
  2 centaur skeletons
  3 iguanas
  12 worker ants
  2 ogre zombies (Ossuary)
  A hound skeleton (D:5)
  7 mummies (Ossuary)
  13 gnolls
  7 adders
  A shadow imp (D:8)
  3 oozes
  8 adder zombies
  2 adder skeletons
  3 worms
  4 dart slugs
  3 leopard geckos
  41 orcs
  2 ball pythons
  3 bats
  2 giant cockroaches
  3 goblins
  6 hobgoblins
  11 jackals
  5 kobolds
  9 quokkas
  3 goblin zombies (Ossuary)
  7 hobgoblin zombies (Ossuary)
  A jackal skeleton (D:4)
  4 kobold zombies (Ossuary)
  4 quokka zombies (Ossuary)
  9 rats
  A rat zombie (Ossuary)
  A fungus (D:4)
  4 plants (D:4)
294 creatures vanquished.

Vanquished Creatures (others)
  8 toadstools (D:4)
8 creatures vanquished.

Grand Total: 302 creatures vanquished

Notes
Turn   | Place    | Note
-------+----------+-------------------------------------------
     0 | D:1      | Amnesiac the Ogre Arcane Marksman began the quest for the Orb.
     0 | D:1      | Reached XP level 1. HP: 19/19 MP: 2/2
    53 | D:1      | Reached XP level 2. HP: 4/28 MP: 1/3
   883 | D:1      | Reached skill level 3 in Throwing
  1043 | D:1      | Reached XP level 3. HP: 35/36 MP: 1/4
  1669 | D:3      | Learned a level 3 spell: Portal Projectile
  1862 | D:3      | Found a deep blue altar of Sif Muna.
  1882 | D:3      | Reached XP level 4. HP: 45/45 MP: 5/5
  1924 | D:3      | Found a sparkling altar of Nemelex Xobeh.
  2359 | D:2      | Reached skill level 4 in Throwing
  2436 | D:2      | Reached XP level 5. HP: 42/53 MP: 2/6
  2739 | D:3      | Found an ancient bone altar of Kikubaaqudgha.
  2824 | D:3      | Noticed Sigmund
  2829 | D:3      | Killed Sigmund
  2829 | D:3      | Reached skill level 5 in Throwing
  2829 | D:3      | Reached XP level 6. HP: 43/65 MP: 5/7
  3001 | D:3      | Found a sacrificial altar of Ru.
  3242 | D:4      | Reached skill level 5 in Fighting
  3345 | D:4      | Reached skill level 6 in Throwing
  3370 | D:4      | Reached XP level 7. HP: 64/72 MP: 6/8
  3678 | D:4      | Found a stormy altar of Qazlal.
  3703 | D:4      | Reached skill level 7 in Throwing
  4265 | D:4      | Found a blossoming altar of Fedhas.
  4284 | D:4      | Noticed an oklob plant
  4362 | D:4      | HP: 2/76 [acid (11)]
  4385 | D:4      | Killed an oklob plant
  4385 | D:4      | Reached skill level 8 in Throwing
  4385 | D:4      | Reached XP level 8. HP: 8/87 MP: 9/9
  4526 | D:5      | Entered Level 5 of the Dungeon
  4718 | D:5      | Found a sand-covered staircase.
  4719 | D:5      | Found a staircase to the Ecumenical Temple.
  4730 | Temple   | Entered the Ecumenical Temple
  4829 | D:5      | Reached skill level 9 in Throwing
  4842 | Ossuary  | Entered an ossuary
  5193 | Ossuary  | Reached XP level 9. HP: 76/97 MP: 10/10
  5395 | Ossuary  | Learned a level 4 spell: Cause Fear
  5575 | D:5      | Noticed Menkaure
  5577 | D:5      | Killed Menkaure
  5591 | D:5      | Found a radiant altar of Vehumet.
  6011 | D:5      | Found a shimmering altar of Xom.
  6033 | D:5      | Noticed Prince Ribbit
  6069 | D:5      | Killed Prince Ribbit
  6069 | D:5      | Reached skill level 10 in Throwing
  6379 | D:5      | Found a runed door.
  6730 | D:5      | Noticed Crazy Yiuf
  6739 | D:5      | Killed Crazy Yiuf
  6892 | D:6      | Gained mutation: You are clumsy. (Dex -2) [mutagenic meat]
  6924 | D:5      | Gained mutation: You are dopey. (Int -2) [mutagenic meat]
  6925 | D:5      | Lost mutation: You are clumsy. (Dex -2) [mutagenic meat]
  6926 | D:5      | Gained mutation: You have sharp toenails. [mutagenic meat]
  6927 | D:5      | Gained mutation: Your body sometimes deteriorates upon taking damage. [mutagenic meat]
  7254 | D:6      | Reached skill level 10 in Fighting
  7288 | D:6      | Found an opulent altar of Gozag.
  7288 | D:6      | Found a glowing silver altar of Zin.
  7382 | D:6      | Reached skill level 11 in Throwing
  7701 | D:6      | Reached XP level 10. HP: 95/111 MP: 9/11
  8129 | D:6      | Noticed Blork the orc
  8144 | D:6      | Killed Blork the orc
  8605 | D:6      | Found a sparkling altar of Nemelex Xobeh.
  9215 | D:7      | Found a hide-covered altar of Uskayaw.
  9341 | D:7      | Gained mutation: You expend magic power (3 MP) to strengthen your wands. [mutagenic meat]
  9342 | D:7      | Gained mutation: Your skin changes colour to match your surroundings (Stealth+). [mutagenic meat]
  9343 | D:7      | Lost mutation: Your body sometimes deteriorates upon taking damage. [mutagenic meat]
  9344 | D:7      | Lost mutation: You expend magic power (3 MP) to strengthen your wands. [mutagenic meat]
  9768 | D:7      | Found a transporter.
  9768 | D:7      | Found a hazy altar of Hepliaklqana.
  9792 | D:7      | Found a transporter.
 10099 | D:7      | Reached skill level 12 in Throwing
 10442 | D:7      | Noticed an orb spider
 10458 | D:7      | Noticed a harpy
 10458 | D:7      | an orb spider changed into a harpy
 10986 | D:8      | Found an iron altar of Okawaru.
 11043 | D:8      | Became a worshipper of Warmaster Okawaru
 11140 | D:7      | Gained mutation: You have an increased reservoir of magic. (+10% MP) [mutagenic meat]
 11450 | D:8      | Gained mutation: You are resistant to hostile enchantments. (MR+) [mutagenic meat]
 11451 | D:8      | Gained mutation: You are frail. (-10% HP) [mutagenic meat]
 11453 | D:8      | Gained mutation: You are somewhat resistant to further mutation. [mutagenic meat]
 11625 | D:9      | Reached * piety under Okawaru
 11678 | D:9      | Found a staircase to the Lair.
 12310 | D:9      | Found a snail-covered altar of Cheibriados.
 12623 | D:9      | Reached skill level 13 in Throwing
 13013 | D:9      | Reached XP level 11. HP: 59/110 MP: 14/14
 13066 | D:9      | Found a staircase to the Orcish Mines.
 13136 | D:9      | Found a staircase to the Lair.
 13319 | D:9      | Found a snail-covered altar of Cheibriados.
 13739 | D:10     | Entered Level 10 of the Dungeon
 13797 | D:10     | Reached ** piety under Okawaru
 14284 | D:10     | HP: 3/111 [killer bee (6)]
 14292 | D:10     | HP: 8/166 [poisoned by a killer bee]
 14297 | D:10     | HP: 8/166 [poisoned by a killer bee]
 14302 | D:10     | Slain by a bullfrog

Vault maps used:
D:1:      minmay_arrival_five_plusses, minmay_liquid_box, minmay_misc_feat_cross
D:3:      nicolae_ru_the_path_less_chosen, lemuel_coloured_pillars_altar,
          old_standard_altar, lemuel_blue_sif_altar, uniq_sigmund
D:4:      wad_crossroads, kennysheep_little_box, tgw_fedhas,
          hangedman_decor_opposing
D:5:      lemuel_crystal_altar, led_xom_imps, first_bread, enter_ossuary_2,
          kennysheep_cross_room, kennysheep_generic_room_6, uniq_menkaure,
          uniq_prince_ribbit1, uniq_crazy_yiuf_cottage
D:6:      grunt_temple_overflow_gold_and_silver, serial_bayou_pond_a,
          minmay_misc_feat_doors, grunt_ministairs_4, st_stairs_3,
          nemelex_diamond_rough_becter, uniq_blork_the_orc
D:7:      gammafunk_temple_overflow_arena, eat_drink_and_be_merry_uskayaw
D:8:      old_standard_altar
D:9:      minmay_curly_fans, cheibrodos_worm_habitat, dpeg_oklobed_lair,
          david_orc_4, st_stairs_1
D:10:     basic_altar, david_nohive_1
Temple:   nicolae_temple_figure_zero
Ossuary:  ossuary_boxes_badplayer

Skill      XL: |  1  2  3  4  5  6  7  8  9 10 |
---------------+-------------------------------+-----
Fighting       | 2 3 4 5 7 8 10 12 | 12.6
Throwing       | 3 4 5 6 8 9 11 13 | 13.7
Dodging        | |  1.7
Spellcasting   | |  1.2
Hexes          | |  2.6

Action                   |  1- 3 |  4- 6 |  7- 9 | 10-12 || total
-------------------------+-------+-------+-------+-------++-------
Melee: Unarmed           |     3 |       |       |       ||     3
       Whip              |    63 |       |       |       ||    63
       Trident           |     1 |   109 |   413 |   259 ||   782
       Kick              |       |       |     8 |    49 ||    57
Throw: Large rock        |    21 |     4 |    21 |    16 ||    62
       Stone             |     4 |    68 |   208 |   266 ||   546
       Throwing net      |       |       |     1 |     5 ||     6
       Javelin           |       |       |       |    12 ||    12
       Tomahawk          |       |       |       |    29 ||    29
 Cast: Corona            |    27 |    28 |    72 |    10 ||   137
       Cause Fear        |       |       |       |     1 ||     1
Invok: Heroism           |       |       |       |     1 ||     1
Evoke: Wand              |       |       |    11 |       ||    11
  Use: Scroll            |     2 |     7 |     3 |       ||    12
       Potion            |     1 |       |     5 |     4 ||    10
 Stab: Sleeping          |     1 |       |     5 |     2 ||     8
  Eat: Chunk             |     4 |     6 |    21 |    28 ||    59
       Royal jelly       |       |       |       |     2 ||     2
Armor: Robe              |    30 |    39 |   143 |    72 ||   284
       Skin              |       |       |       |    25 ||    25
Dodge: Dodged            |    60 |    48 |   154 |   139 ||   401

Table legend:
 A = Spawn XP
 B = Non-spawn XP
 C = Spawn XP percentage of total XP
 D = Spawn monster count
 E = Non-spawn monster count
 F = Spawn count percentage of total count
 G = Total turns spent on level
                    A         B        C        D         E        F      G
               +---------+---------+-------+---------+---------+-------+---------
         Total |       0 |   12027 |   0.0 |       0 |     289 |   0.0 | 14302
               +---------+---------+-------+---------+---------+-------+---------
           D:1 |       0 |      35 |   0.0 |       0 |      14 |   0.0 |  1207
           D:2 |       0 |     149 |   0.0 |       0 |      23 |   0.0 |   841
           D:3 |       0 |     287 |   0.0 |       0 |      21 |   0.0 |  1135
           D:4 |       0 |    1256 |   0.0 |       0 |      26 |   0.0 |  1588
           D:5 |       0 |    1529 |   0.0 |       0 |      33 |   0.0 |  1691
           D:6 |       0 |    1565 |   0.0 |       0 |      36 |   0.0 |  2361
           D:7 |       0 |    1970 |   0.0 |       0 |      28 |   0.0 |  1135
           D:8 |       0 |     726 |   0.0 |       0 |      12 |   0.0 |  1183
           D:9 |       0 |    1749 |   0.0 |       0 |      41 |   0.0 |  1846
          D:10 |       0 |    2398 |   0.0 |       0 |      18 |   0.0 |   563
       Ossuary |       0 |     363 |   0.0 |       0 |      37 |   0.0 |   682
               +---------+---------+-------+---------+---------+-------+---------
